 Dungeon Crawl Stone Soup version 0.28.0-43-g3370ac3207 (webtiles) character file.

Game seed: 3472266667137766843

57863 RascalDebosk the Fighter (level 14, -5/199 HPs)
             Began as a Minotaur Berserker on Mar 28, 2022.
             Was an Elder of Trog.
             Slain by a five-headed hydra (17 damage)
             ... on level 3 of the Lair of Beasts.
             The game lasted 02:39:44 (18622 turns).

RascalDebosk the Fighter (Minotaur Berserker)      Turns: 18622, Time: 02:39:44

Health: -5/199     AC: 36    Str: 27    XL:     14   Next: 47%
Magic:  0/13       EV:  3    Int:  4    God:    Trog [****..]
Gold:   312        SH: 13    Dex: 10    Spells: 13/13 levels left

rFire   + . .      SeeInvis .   p - +1 spear (freeze)
rCold   + . .      Faith    .   Q - +0 tower shield
rNeg    . . .      Spirit   +   j - +9 scales of the Dragon King {rPois rF+ rC+ Will+}
rPois   +          Reflect  .   (helmet restricted)
rElec   .          Harm     .   y - +2 cloak
rCorr   .          Rampage  .   T - +1 pair of gloves
Will    ++...                   C - +0 pair of boots
Stlth   ..........              c - amulet of guardian spirit
HPRegen 0.43/turn               i - +4 ring of slaying
MPRegen 0.13/turn               v - ring of flight

@: berserking (expiring), flying, very quick
A: horns 2, retaliatory headbutt
a: Renounce Religion, Berserk, Trog's Hand, Brothers in Arms


You were on level 3 of the Lair of Beasts.
You worshipped Trog.
Trog was greatly pleased with you.
You visited 3 branches of the dungeon, and saw 19 of its levels.

You collected 1077 gold pieces.
You spent 765 gold pieces at shops.

Inventory:

Hand Weapons
 b - the +10 hand axe of Contention {vorpal, rC+ Dex+3 SInv}
   (You found it on level 15 of the Dungeon)

   It inflicts extra damage upon your enemies.
   Dex:       It affects your dexterity (+3).
   rC:        It protects you from cold.
   SInv:      It lets you see invisible.
 p - a +1 spear of freezing (weapon)
 w - the +8 Wrath of Trog {antimagic, *Rage Rampage}
   (You found it on level 1 of the Lair of Beasts)

   It reduces the magical energy of the wielder, and disrupts the spells and
   magical abilities of those it strikes.
   Natural abilities and divine invocations are not affected.
   It causes slowness and exhaustion when equipped.
   It extends the wielder's berserk rage when killing foes.
   *Rage:     It berserks you when you make melee attacks (+50% chance).
   Rampage:   It bestows one free step when moving towards enemies.
Missiles
 d - 73 stones
 f - 81 poisoned darts
 g - 3 silver javelins
 r - 8 javelins (quivered)
 t - 4 boomerangs
Armour
 j - the +9 scales of the Dragon King (worn) {rPois rF+ rC+ Will+}
   (You found it on level 2 of the Dungeon)

   rF:        It protects you from fire.
   rC:        It protects you from cold.
   rPois:     It protects you from poison.
   Will:      It increases your willpower.
 q - a scarf of invisibility
 y - a +2 cloak (worn)
 B - a scarf of repulsion
 C - a +0 pair of boots (worn)
 Q - a +0 tower shield (worn)
 T - a +1 pair of gloves (worn)
Jewellery
 c - an amulet of guardian spirit (around neck)
 i - a +4 ring of slaying (left hand)
 v - a ring of flight (right hand)
 x - a +4 ring of evasion
 U - a ring of ice
Wands
 a - a wand of charming (8)
 z - a wand of flame (12)
 A - a wand of iceblast (4)
 G - a wand of digging (6)
 N - a wand of acid (2)
Scrolls
 e - a scroll of summoning
 o - 2 scrolls of fog
 s - 5 scrolls of teleportation
 E - 5 scrolls of fear
 F - 2 scrolls of identify
 H - a scroll of holy word
 I - a scroll of enchant armour
 R - a scroll of immolation
Potions
 k - a potion of invisibility
 l - 4 potions of curing
 m - 5 potions of heal wounds
 n - a potion of haste
 u - 2 potions of resistance
 J - 2 potions of might
 K - a potion of berserk rage
 L - a potion of ambrosia
 M - a potion of lignification


   Skills:
 + Level 14.7 Fighting
 - Level 14.0 Axes
 + Level 12.1 Throwing
 + Level 14.5 Armour
 - Level 2.1 Dodging
 + Level 6.0 Shields
 + Level 8.5 Evocations


You had 13 spell levels left.
You didn't know any spells.
Your spell library was empty.

Dungeon Overview and Level Annotations

Branches:
Dungeon (15/15)            Temple (1/1) D:4            Lair (3/6) D:8
  Swamp (0/4) Lair:2        Snake (0/4) Lair:3          Orc (0/2) D:11
 Vaults (0/5) D:13         Depths (0/4) D:15

Altars:
Ashenzari
Cheibriados
Dithmenos
Elyvilon
Fedhas
Gozag
Hepliaklqana
Kikubaaqudgha
Makhleb
Nemelex Xobeh
Okawaru
Qazlal
Ru
Sif Muna
Trog
Uskayaw
Vehumet
Wu Jian
Xom
Yredelemnul
Zin
The Shining One

Shops:
D:13 !

Annotations:
Lair:3 1 transporter, belegose's ghost, journeyman DsAK


Innate Abilities, Weirdness & Mutations

You have a pair of horns on your head.
You reflexively headbutt those who attack you in melee.


Message History

The five-headed hydra bites you.
The five-headed hydra bites you but does no damage. x2
The cane toad stings you but does no damage.
The five-headed hydra bites you! The five-headed hydra bites you. x2
The five-headed hydra bites you but does no damage. x2
You puncture the five-headed hydra!
The five-headed hydra seems to slow down.
You freeze the five-headed hydra.
Your headbutt misses the five-headed hydra.
The five-headed hydra is lightly wounded.
The six-headed hydra rages.
The cane toad stings you!
You puncture the five-headed hydra!
The five-headed hydra seems to slow down.
You freeze the five-headed hydra.
The five-headed hydra is moderately wounded.
The cane toad stings you!
The five-headed hydra bites you but does no damage.
You block the five-headed hydra's attack. x2
The five-headed hydra barely misses you.
The five-headed hydra bites you!
You impale the five-headed hydra!! You freeze the five-headed hydra.
The five-headed hydra is heavily wounded.
You block the cane toad's attack.
You block the five-headed hydra's attack.
The five-headed hydra bites you! x2
* * * LOW HITPOINT WARNING * * *
You block the five-headed hydra's attack.
The five-headed hydra bites you but does no damage.
The cane toad stings you!!
* * * LOW HITPOINT WARNING * * *
You closely miss the cane toad. You block the cane toad's attack.
The cane toad stings you!!
* * * LOW HITPOINT WARNING * * *
You barely miss the cane toad. You block the cane toad's attack.
The five-headed hydra bites you but does no damage.
The five-headed hydra barely misses you.
You block the five-headed hydra's attack.
The five-headed hydra bites you!!
You die...

###...#.# #............# ###
##...## #...........## ##..
##..#######.........#.# #.#.
####...#P#..##........### #...
#.#......#......###.....## ##..
##..............##.#####..## #...
.............#..#......##..# #...
.............#.##Fy#....##.###...
#..............#@#.y.#..©#.#P....
.............!.#DD#.##W.##.......
##.............##F#...#.#©.......
#..........#...#Y#..(..##.......
###.......###..©#?=.©# #.#P....
####.#.#P## #...#/.#F..#.#.......
....#.#### ##.##.....#.##.......
.P...## ##.#..#.#y..#..#...<.
...#.# #..#..#.#D..#.##.....


You could see a six-headed hydra (berserk), a five-headed hydra (berserk, slow),
a moth of wrath, a yak (berserk) and 2 cane toads.

Vanquished Creatures
  Agnes (D:15)
  Frances (D:14)
  Snorg (D:10)
  An ettin (D:15)
  Josephine (D:14)
  2 vault guards (D:13)
  8 hydras
  A boulder beetle (D:12)
  4 centaur warriors
  9 two-headed ogres
  A tengu warrior (D:15)
  An ogre mage (D:15)
  5 death yaks (Lair:2)
  A hell knight (D:15)
  2 deep trolls (D:15)
  2 wizards (D:15)
  A lindwurm (Lair:3)
  A deep elf pyromancer (D:12)
  A necromancer (D:15)
  14 ugly things
  4 cyclopes
  2 manticores
  2 elephants
  A black mamba (shapeshifter) (D:14)
  2 black mambas (Lair:3)
  2 gargoyles
  A guardian serpent (Lair:3)
  A cane toad (Lair:1)
  2 komodo dragons (Lair:2)
  2 kobold demonologists
  A yaktaur (shapeshifter) (D:14)
  A tengu conjurer (D:15)
  3 trolls
  A queen bee (shapeshifter) (D:11)
  A polar bear (Lair:3)
  8 slime creatures
  3 shadows
  2 water elementals (D:15)
  A wyvern (Lair:3)
  A vampire (D:9)
  31 yaks
  6 basilisks
  6 wraiths
  10 humans
  A steam dragon (D:9)
  10 vampire mosquitoes
  A harpy simulacrum (D:15)
  2 acid dragons (D:11)
  7 water moccasins
  Duvessa (D:5)
  3 orc warriors
  2 sky beasts
  5 black bears
  2 ogres (D:15)
  4 wolves (Lair:1)
  4 centaurs
  A phantom (D:3)
  9 kobold brigands
  A gnoll sergeant (D:7)
  8 bullfrogs
  2 scorpions (D:5)
  A water moccasin skeleton (D:5)
  Dowan (D:5)
  2 electric eels
  4 howler monkeys
  A bullfrog zombie (D:6)
  7 centaur zombies
  A hound (D:7)
  A centaur skeleton (D:7)
  3 orc priests (D:4)
  3 jellies
  5 orc wizards
  An iguana (D:6)
  A killer bee zombie (D:8)
  2 howler monkey zombies
  7 gnolls
  3 adders
  A shadow imp (D:7)
  A white imp (D:6)
  2 worms (D:2)
  A dart slug (D:1)
  33 orcs
  5 endoplasms
  A giant cockroach (D:2)
  12 goblins
  6 hobgoblins
  5 jackals (D:3)
  32 kobolds
  7 quokkas
  4 ball pythons
  A bat (D:2)
  3 frilled lizards
  A goblin skeleton (D:5)
  A jackal skeleton (D:4)
  A jackal zombie (D:5)
  5 rats
380 creatures vanquished.

Vanquished Creatures (collateral kills)
  A centaur warrior (D:13)
  A centaur (D:13)
2 creatures vanquished.

Vanquished Creatures (others)
  A vault guard (D:13)
  11 fungi
  5 plants
17 creatures vanquished.

Grand Total: 399 creatures vanquished

Notes
Turn   | Place    | Note
-------+----------+-------------------------------------------
     0 | D:1      | RascalDebosk the Minotaur Berserker began the quest for the
                  | Orb.
     0 | D:1      | Reached XP level 1. HP: 19/19 MP: 0/0
   365 | D:1      | Reached XP level 2. HP: 15/27 MP: 1/1
  1154 | D:2      | Found a faded altar of an unknown god.
  1223 | D:2      | Reached XP level 3. HP: 33/33 MP: 2/2
  1252 | D:2      | Found the +9 scales of the Dragon King {rPois rF+ rC+
                  | Will+}
  1296 | D:2      | Reached skill level 1 in Throwing
  1407 | D:2      | Reached skill level 1 in Evocations
  1421 | D:2      | Reached ** piety under Trog
  2100 | D:3      | Noticed a phantom
  2108 | D:3      | Killed a phantom
  2109 | D:3      | Reached XP level 4. HP: 41/41 MP: 3/3
  2380 | D:4      | Reached XP level 5. HP: 47/47 MP: 4/4
  2506 | D:4      | Noticed a sky beast
  2526 | D:4      | Killed a sky beast
  2527 | D:4      | Reached XP level 6. HP: 55/55 MP: 5/5
  2672 | D:4      | Reached skill level 5 in Fighting
  2672 | D:4      | Reached skill level 5 in Axes
  2675 | D:4      | Reached *** piety under Trog
  2681 | D:4      | Found a staircase to the Ecumenical Temple.
  3156 | D:5      | Entered Level 5 of the Dungeon
  3182 | D:5      | Noticed Dowan
  3182 | D:5      | Noticed Duvessa
  3276 | D:5      | Killed Duvessa
  3277 | D:5      | Reached XP level 7. HP: 61/61 MP: 6/6
  3278 | D:5      | Killed Dowan
  3383 | D:5      | Found a runed translucent door.
  3383 | D:5      | Noticed a human
  3388 | D:5      | Found a basalt altar of Yredelemnul.
  3401 | D:5      | Killed a human
  3402 | D:5      | Reached skill level 5 in Armour
  3857 | D:5      | Reached XP level 8. HP: 70/70 MP: 7/7
  4220 | D:6      | You are sucked into a shaft and drop 3 floors!
  4220 | D:9      | Noticed a two-headed ogre
  5221 | D:7      | Reached skill level 5 in Throwing
  5221 | D:7      | Reached XP level 9. HP: 76/79 MP: 5/8
  5230 | D:7      | Reached **** piety under Trog
  5301 | D:7      | Reached skill level 5 in Evocations
  5995 | D:8      | Found a staircase to the Lair.
  5995 | D:8      | Noticed an elephant
  6003 | D:8      | Killed an elephant
  6387 | D:9      | Noticed a two-headed ogre
  6395 | D:9      | Killed a two-headed ogre
  6396 | D:9      | Reached XP level 10. HP: 29/90 MP: 3/9
  6651 | D:9      | Found a snail-covered altar of Cheibriados.
  6652 | D:9      | Found an ornate altar of the Wu Jian Council.
  6664 | D:9      | Found an ancient bone altar of Kikubaaqudgha.
  6666 | D:9      | Found a white marble altar of Elyvilon.
  6669 | D:9      | Found an opulent altar of Gozag.
  6670 | D:9      | Found a shadowy altar of Dithmenos.
  6670 | D:9      | Found a stormy altar of Qazlal.
  6673 | D:9      | Found a shimmering altar of Xom.
  6675 | D:9      | Found a shimmering blue altar of Sif Muna.
  6734 | D:9      | Killed a two-headed ogre
  7062 | D:10     | Entered Level 10 of the Dungeon
  7148 | D:10     | Noticed Snorg
  7181 | D:10     | Killed Snorg
  7416 | D:10     | Reached XP level 11. HP: 99/99 MP: 10/10
  7471 | D:10     | Reached skill level 10 in Axes
  7674 | D:10     | Reached skill level 10 in Fighting
  8104 | D:11     | Reached skill level 10 in Armour
  8239 | D:11     | Noticed a four-headed hydra
  8251 | D:11     | Killed a four-headed hydra
  8476 | D:11     | Noticed a two-headed ogre
  8484 | D:11     | Killed a two-headed ogre
  8907 | D:11     | Found a staircase to the Orcish Mines.
  8954 | D:11     | Noticed a six-headed hydra
  8964 | D:11     | Killed a six-headed hydra
  9074 | D:12     | Noticed a boulder beetle
  9085 | D:12     | Killed a boulder beetle
  9241 | D:12     | Noticed a deep elf pyromancer
  9248 | D:12     | Killed a deep elf pyromancer
  9283 | D:12     | Noticed a red ugly thing
  9285 | D:12     | Killed a red ugly thing
  9342 | D:12     | Reached XP level 12. HP: 110/110 MP: 11/11
  9553 | D:12     | Noticed a two-headed ogre
  9561 | D:12     | Killed a two-headed ogre
 10764 | D:13     | Killed a vault guard
 10890 | D:13     | Noticed a four-headed hydra
 10903 | D:13     | Killed a four-headed hydra
 10913 | D:13     | Noticed a centaur warrior
 10925 | D:13     | Killed a centaur warrior
 11111 | D:13     | Noticed a vault guard
 11121 | D:13     | Killed a vault guard
 11126 | D:13     | Noticed a vault guard
 11142 | D:13     | Killed a vault guard
 11298 | D:13     | Found a gate to the Vaults.
 11438 | D:13     | Found Izadalis's Distillery.
 11444 | D:13     | Bought a potion of might for 68 gold pieces
 11444 | D:13     | Bought a potion of might for 68 gold pieces
 11444 | D:13     | Bought a potion of berserk rage for 85 gold pieces
 11444 | D:13     | Bought a potion of curing for 51 gold pieces
 11444 | D:13     | Bought a potion of invisibility for 136 gold pieces
 11444 | D:13     | Bought a potion of ambrosia for 136 gold pieces
 11444 | D:13     | Bought a potion of lignification for 51 gold pieces
 11564 | D:14     | Reached skill level 10 in Throwing
 11805 | D:14     | Noticed Frances
 11822 | D:14     | Killed Frances
 11930 | D:14     | Noticed a six-headed hydra
 11938 | D:14     | Killed a six-headed hydra
 11939 | D:14     | Reached XP level 13. HP: 96/119 MP: 8/12
 12153 | D:14     | Found a sparkling altar of Nemelex Xobeh.
 12404 | D:14     | Noticed Josephine
 12420 | D:14     | Killed Josephine
 13021 | D:15     | Entered Level 15 of the Dungeon
 13026 | D:15     | Identified the +10 hand axe of Contention {vorpal, rC+
                  | Dex+3 SInv}
 13247 | D:15     | Noticed an ettin
 13256 | D:15     | Killed an ettin
 13522 | D:15     | Reached skill level 1 in Shields
 13988 | D:15     | Noticed Agnes
 13999 | D:15     | Killed Agnes
 14474 | D:15     | Found a staircase to the Depths.
 14641 | D:15     | Reached XP level 14. HP: 129/132 MP: 11/13
 15076 | D:13     | Bought a potion of resistance for 170 gold pieces
 15428 | Temple   | Entered the Ecumenical Temple
 15972 | Lair:1   | Entered Level 1 of the Lair of Beasts
 16011 | Lair:1   | Reached skill level 5 in Shields
 16105 | Lair:1   | Found the +8 Wrath of Trog {antimagic, *Rage Rampage}
 16378 | Lair:1   | You are sucked into a shaft and drop 1 floor!
 16821 | Lair:2   | Found a staircase to the Swamp.
 17744 | Lair:3   | Found a transporter.
 17747 | Lair:3   | Noticed belegose's ghost (journeyman DsAK)
 18135 | Lair:3   | Found a transporter.
 18330 | Lair:3   | Found a staircase to the Snake Pit.
 18622 | Lair:3   | Slain by a five-headed hydra

Illustrated notes

Levels and vault maps discovered:
D:1:      sevenhm_arrival_forest_fort_small_4, layout_basic
D:2:      layout_loops_cross, chequers_ecumenical_altar_simple
D:3:      layout_loops_ring, grunt_decor_resistance
D:4:      layout_basic, temple_hall
D:5:      layout_rooms, dk_yredelemnul_ordeal, serial_curves, eino_curves_03,
          eino_curves_03, uniq_duvessa
D:6:      layout_basic
D:7:      layout_loops_cross
D:8:      layout_loops_ring, david_lair_generic
D:9:      layout_rooms, nicolae_overflow_hallway_of_the_gods
D:10:     layout_stronghold, uniq_snorg
D:11:     layout_long_grid, orc_0_dummy, st_stairs_12, kennysheep_big_empty_room
D:12:     layout_irregular_city, minivault_22, corexii_checkpoint_b
D:13:     layout_basic, ximxim_vaults_locker_room, serial_shops, shop
D:14:     layout_basic, nemelex_diamond_rough_becter, uniq_josephine,
          uniq_frances
D:15:     hangedman_depths_entry_civil_slaughter, layout_loops_corners,
          amethyst_killhole, fungi_pond_lemuel, hangedman_corner_corridor,
          uniq_agnes
Temple:   minmay_temple_forest_path
Lair:1:   layout_gridlike
Lair:2:   layout_regular_city, minmay_swamp_entry_swarm, grunt_megastairs_1,
          infiniplex_staircase_pool
Lair:3:   layout_cave_pods, minmay_snake_entry_spellcaster,
          gammafunk_ghost_berserking_beasts

Skill      XL: |  1  2  3  4  5  6  7  8  9 10 11 12 13 14 |
---------------+-------------------------------------------+-----
Axes           | 4 5 6 7 8 9 11 12 13 14 | 14.0
Throwing       | 1 2 3 5 6 7 8 10 11 12 | 12.1
Fighting       | 4 5 6 7 8 9 11 12 14 | 14.7
Evocations     | 1 2 3 4 5 6 8 |  8.5
Armour         | 3 4 5 6 8 9 10 12 14 | 14.5
Shields        | 4 6 |  6.0
Dodging        | |  2.1

Action                   |  1- 3 |  4- 6 |  7- 9 | 10-12 | 13-15 || total
-------------------------+-------+-------+-------+-------+-------++-------
Melee: Hand axe          |   115 |    32 |       |       |   252 ||   399
       Headbutt          |    12 |    10 |    38 |    86 |    91 ||   237
       Punch             |     1 |     1 |     3 |     1 |       ||     6
       War axe           |       |    29 |   169 |   263 |       ||   461
       Spear             |       |       |       |    36 |    35 ||    71
       Battleaxe         |       |       |       |    41 |    43 ||    84
Throw: Stone             |     2 |       |       |       |     4 ||     6
       Boomerang         |       |     3 |       |       |     2 ||     5
       Javelin           |       |       |    10 |     2 |    16 ||    28
       Dart              |       |       |       |     3 |       ||     3
Invok: Berserk           |     1 |     2 |     5 |    15 |    13 ||    36
       Trog's Hand       |       |     2 |     3 |     5 |       ||    10
       Brothers in Arms  |       |       |       |     2 |     1 ||     3
  Use: Scroll            |       |     7 |     7 |     8 |     5 ||    27
       Potion            |       |       |       |     2 |     2 ||     4
 Stab: Distracted        |       |       |     1 |       |       ||     1
Armor: Ring mail         |     5 |       |       |       |       ||     5
       Animal skin       |     1 |       |       |       |       ||     1
       Plate armour      |    15 |       |       |       |       ||    15
       Gold dragon scale |    43 |    64 |   152 |   319 |   320 ||   898
Dodge: Dodged            |    31 |    26 |    48 |   100 |    61 ||   266
Block: Tower shield      |       |       |       |       |   209 ||   209
